 BcadrenCrawl: Boulder Brew version 0.06.7.3-23-g1ca577db0e (webtiles) character file.

Game seed: 17751546356624389544

119 MackTheKnife the Skirmisher (level 4, 0/59 HPs) Immature Draconian Gladiator. Began on Nov 17, 2023. Slain by a sewer rat (4 damage) ... on level 1 of the Dungeon. The game lasted 00:02:30 (1226 turns).

MackTheKnife the Skirmisher (DrGl)                  Turns: 1226, Time: 00:02:31

Health: 0/59       AC:  2    Str: 16    XL:     4 ^: 26
Magic:  4/4        EV: 12    Int:  8    God:
Gold:   70         SH:  2    Dex: 18    Spells: 3/3 levels left

rFire    . . .     Slash    +   a - +0 war axe {axe}
rCold    . . .     Pierce   x   k - +0 buckler
rNeg     . . .     Bludgeon .   (armour unavailable)
rCorr    + . .     Vision   .   b - +0 hat
rPois    .                      (no cloak)
rElec    +                      (no gloves)
MR       .....                  (no boots)
HPRegen  0.29/turn              (no amulet)
MPRegen  0.14/turn              e - ring of Xom's Best Wishes {+Inv rElec rCorr Str-2 Dex+6}
Stlth    ++........             (no ring)

@: corroded, hasted, very quick
A: deformed body 2, cold-blooded, draconic flesh, AC +6
a: Breathe Dart, Evoke Invisibility


You were on level 1 of the Dungeon.
You were not hungry.

You visited 1 branch of the dungeon, and saw 2 of its levels.

You collected 70 gold pieces.


Innate Abilities, Weirdness & Mutations

Your plain brown scales are resilient. (AC +6)
You can breathe rudimentary magical darts.
You cannot wear any armour on your peculiar form.
You are cold-blooded and are slowed more easily by cold attacks.
Your scales resist being cut, but it's oddly easy to stick a small blade between them. (rSlashing+, rPiercing-)


   Skills:
 + Level 4.6 Fighting
 + Level 3.6 Axes & Hammers
 - Level 2.4 Dodging
 - Level 2.0 Evocations


You had 3 spell levels left.
You didn't know any spells.
Your spell library was empty.

Inventory:

Weapons
 a - a +0 war axe (weapon) {axe} Shields
 k - a +0 buckler (shield)
   (You found it on level 1 of the Dungeon)
Armour
 b - a +0 hat (worn)
Jewellery
 e - the ring of Xom's Best Wishes (left hand) {+Inv rElec rCorr Str-2 Dex+6}
   (You acquired it on level 1 of the Dungeon)

   [ring of resist corrosion]

   It affects your strength (-2).
   It affects your dexterity (+6).
   It insulates you from electricity.
   It lets you turn invisible.
   It provides partial protection from all sources of acid and corrosion.
 l - a cursed amulet of faith {(Curse: -Vis), !P}
   (You took it off a hobgoblin on level 1 of the Dungeon)
Wands
 c - a wand of ensnaring (8)
Potions
 h - a potion of ambrosia
 j - 2 potions of mutation {!q}
Comestibles
 d - 2 rations {@e2}

Dungeon Overview and Level Annotations

Branches:
Dungeon (2/8)

Altars:

#.# #......###..... #.#
######..#........... #.#
##..............[...#
#.###........#...###.####
#.##..#...#..##.## #.##
#.#...≈≈≈≈≈...#.# #..###
#.#)#≈≈≈≈≈≈≈#.#.# #.....
#########.#..≈rr≈≈≈≈..#.#
####+##
#.........)..≈≈≈@K≈≈?...#
#.#...#
#.#######.#.≈≈≈JrJ≈≈≈...#
#.#...# #.#
#...#≈≈≈≈≈≈≈#.#.# #.#...#
#.# ###...≈≈≈≈≈...#.#
#.#...# #.#
##..#..≈#..##.# #.#...#
#.#
##.......###.###.#...#
#.# #.##..### #...#.#...#
#.# #.###..# ###.#.#....
#.# #.# ##.# #.#.#....


You could see a jelly, 2 submerged sewer rats, a friendly submerged ooze
(summoned), a friendly kobold (summoned) and a friendly rat (summoned).


Message History

You swap places. 😨 HP[+1]
You start waiting.
Some of the chunks of flesh in your inventory have rotted away.
You are no longer corroded. 😨 HP[+1]
You start waiting.
Eating a chunk of flesh {@e1}.
This raw flesh tastes terrible.
You eat the chunk of flesh {@e1}.
Your cinder newt dissolves into shadows! 😕 HP[+29]
You regained 29 hp, and now have 45/59 hp.
Key pressed, stopping explore.
Done exploring. 😎 HP[+14]
Your hp is fully restored (59).
Done exploring.
Done exploring.
Unknown command.
There is a stone staircase leading down here.
You enter the shallow water.
Moving in this stuff is going to be slow.
You see here a +0 scale mail.
You enter the shallow water.
Moving in this stuff is going to be slow.
There is a stone staircase leading down here.
You climb downwards. 7 sewer rats and a jelly come into view.
The jelly quivers.
Found an escape hatch in the floor.
There is a stone staircase leading up here.
Your hands burn (1).
You hit the jelly (1).
It resists.
You tail-slap the jelly (1). The jelly barely misses you.
The jelly hits you but does no damage.
The sewer rat bites you but does no damage.
The sewer rat closely misses you. The jelly hits you but does no damage.
You climb upwards.
There is a stone staircase leading down here.
Unknown command.
The acid corrodes you!
Your hands burn (2).
You hit the jelly (3).
It resists.
You hit the sewer rat (2).
It is lacerated severely!
You hit the sewer rat (3).
It is lacerated severely!
The sewer rat bites you (2).
You are perforated ruthlessly!
The sewer rat barely misses you. You block the jelly's attack.
The sewer rat bites you (4).
You are perforated ruthlessly! 😕 HP[-8]
You take 8 damage, and now have 51/59 hp.
Your hands burn (1).
You hit the jelly (1).
It resists.
You hit the sewer rat (5).
It is lacerated severely!
You hit the sewer rat but do no damage. You block the sewer rat's attack.
The jelly splashes around in the water.
The sewer rat bites you (2).
You are perforated ruthlessly!
The sewer rat bites you (5).
You are perforated ruthlessly!
The jelly hits you (2).
You are splashed with acid (4).
You resist. 😮 HP[-13]
You take 13 damage, and now have 38/59 hp.
MASSIVE DAMAGE!! (PAUSE)
Your hands burn (2).
You hit the jelly (3).
It resists.
You tail-slap the jelly, but do no damage.
You hit the sewer rat but do no damage. You hit the sewer rat (5).
It is lacerated severely!
The sewer rat bites you (7)!
You are perforated ruthlessly!
* * * LOW HITPOINT WARNING * * *
The sewer rat bites you (3).
You are perforated ruthlessly!
* * * LOW HITPOINT WARNING * * *
The jelly closely misses you. The sewer rat bites you (2).
You are perforated ruthlessly!
* * * LOW HITPOINT WARNING * * *
The sewer rat barely misses you.
Unknown command. 😨 HP[-14]
You take 14 damage, and now have 24/59 hp.
MASSIVE DAMAGE!! (PAUSE)
As you read the scroll of summoning, it crumbles to dust.
Wisps of shadow whirl around you...
The jelly splashes around in the water.
The sewer rat bites you (7)!
You are perforated ruthlessly!
* * * LOW HITPOINT WARNING * * *
The sewer rat bites you (7)!
You are perforated ruthlessly!
* * * LOW HITPOINT WARNING * * *
😱 HP[-14]
You take 14 damage, and now have 10/59 hp.
MASSIVE DAMAGE!! (PAUSE) Unknown command.
You feel better.
You drop the empty bottle.
The jelly hits you (1).
* * * LOW HITPOINT WARNING * * *
You are splashed with acid (3).
You resist.
* * * LOW HITPOINT WARNING * * *
The sewer rat bites you (6).
You are perforated ruthlessly!
* * * LOW HITPOINT WARNING * * *
The sewer rat closely misses you.
Your rat bites the sewer rat but does no damage.
Your ooze closely misses the sewer rat. 😱 HP[-3]
You take 3 damage, and now have 7/59 hp.
You feel yourself speed up.
You drop the empty bottle.
The jelly barely misses you. The sewer rat bites you (3).
You are perforated ruthlessly!
* * * LOW HITPOINT WARNING * * *
The sewer rat bites you (4).
You are perforated ruthlessly!
You die...

Skill      XL: |  1  2  3 |
---------------+----------+-----
Fighting       | 3 4 |  4.6
Axes & Hammers | 3 |  3.6
Dodging        | |  2.4
Evocations     | |  2.0

Action                   |  1- 3 |  4- 6 || total
-------------------------+-------+-------++-------
Melee: War axe           |    35 |    17 ||    52
       Unarmed           |    10 |       ||    10
       Peck              |     1 |     5 ||     6
Evoke: Wand              |       |     1 ||     1
  Use: Scroll            |     1 |     2 ||     3
       Potion            |       |     2 ||     2
  Eat: Chunk             |       |     1 ||     1
Armor: Skin              |    10 |    14 ||    24
Dodge: Dodged            |     7 |    14 ||    21
Block: Buckler           |       |     2 ||     2

Levels and vault maps discovered:
D:1:      lightli_arrival_quake, layout_loops_ring, first_ration,
          cheibrodos_sewer_entry_drain
D:2:      layout_sewer, elyvilon_niche, chequers_ecumenical_altar_island

Notes
Turn   | Place    | Note
-------+----------+-------------------------------------------
     0 | D:1      | MackTheKnife the Immature Draconian Gladiator began the
                  | quest for the Orb.
     0 | D:1      | Reached XP level 1. HP: 29/29 MP: 1/1
     0 | D:1      | magus.rc [v1.9.6]
     2 | D:1      | Identified a scroll of acquirement
    22 | D:1      | Acquired the ring of Xom's Best Wishes {+Inv rElec rCorr
                  | Str-2 Dex+6}
   117 | D:1      | Reached skill level 3 in Fighting
   117 | D:1      | Reached XP level 2. HP: 39/39 MP: 2/2
   182 | D:1      | Reached skill level 3 in Axes & Hammers
   182 | D:1      | Reached XP level 3. HP: 46/49 MP: 3/3
   584 | D:1      | Reached skill level 4 in Fighting
   719 | D:1      | Reached XP level 4. HP: 59/59 MP: 4/4
  1004 | D:2      | Noticed a crocodile
  1004 | D:2      | Noticed a water moccasin
  1021 | D:1      | HP: 13/59 [acid (4)]
  1224 | D:1      | HP: 10/59 [sewer rat (7)]
  1226 | D:1      | HP: 4/59 [sewer rat (3)]
  1226 | D:1      | Slain by a sewer rat

Vanquished Creatures
  3 giant cockroaches (D:1)
  A worm (D:1)
  3 dart slugs (D:1)
  2 leopard geckos (D:1)
  9 goblins (D:1)
  3 hobgoblins (D:1)
  A bat skeleton (D:2)
  4 kobolds (D:1)
  5 rats (D:1)
31 creatures vanquished.

Vanquished Creatures (collateral kills)
  A jelly (D:1)
  An ooze (D:1)
2 creatures vanquished.

Vanquished Creatures (others)
  A withered plant (D:2)
1 creature vanquished.

Grand Total: 34 creatures vanquished

Table legend:
 A = Non-vault XP
 B = Vault XP
 C = Vault XP percentage of total XP
 D = Non-vault monster count
 E = Vault monster count
 F = Vault count percentage of total count
                 A         B        C        D         E       F
            +---------+---------+-------+---------+---------+-------
      Total |     137 |      33 |  19.4 |      30 |       3 |   9.1
            +---------+---------+-------+---------+---------+-------
        D:1 |     136 |      33 |  19.5 |      29 |       3 |   9.4
        D:2 |       1 |       0 |   0.0 |       1 |       0 |   0.0
            +---------+---------+-------+---------+---------+-------

Illustrated notes

Table legend:
 A = Kills in this place as a percentage of kills in entire the game.
 B = Kills by you in this place as a percentage of kills by you in the entire game.
 C = Kills by friends in this place as a percentage of kills by friends in the entire game.
 D = Other kills in this place as a percentage of other kills in the entire game.
 E = Experience gained in this place as a percentage of experience gained in the entire game.
 F = Experience gained in this place divided by the number of levels of this place that you have seen.
                   A       B       C       D       E      F
               +-------+-------+-------+-------+-------+----------------------
         Total | 100.0 | 100.0 | 100.0 |   N/A | 100.0 |  85.0
       Dungeon | 100.0 | 100.0 | 100.0 |   N/A | 100.0 |  85.0
               +-------+-------+-------+-------+-------+----------------------

Table legend: (Time is in decaauts)
 A = Elapsed time spent in this place.
 B = Non-inter-level travel time spent in this place.
 C = Inter-level travel time spent in this place.
 D = Time resting spent in this place.
 E = Time spent auto-exploring this place.
 F = Levels seen in this place.
 G = Mean time per level.
                   A        B        C        D        E       F      G
               +--------+--------+--------+--------+--------+-----+--------+
         Total |   1268 |   1157 |    111 |    104 |    813 |   2 |  634.0 |
       Dungeon |   1268 |   1157 |    111 |    104 |    813 |   2 |  634.0 |
               +--------+--------+--------+--------+--------+-----+--------+

Top non-repeatable levels by time:
     D:1: 1256 daAuts
     D:2: 12 daAuts
